 Dungeon Crawl Stone Soup version 0.28-a0-382-g33c4956463 (webtiles) character file.

Game seed: 8070516903337792732

192162 Malachi the Shatterer (level 17, -4/156 HPs)
             Began as a Minotaur Berserker on Sept 2, 2021.
             Was a High Priest of Trog.
             Succumbed to Aizul's bolt of poison
             ... on level 2 of the Spider Nest.
             The game lasted 00:54:05 (41324 turns).

Malachi the Shatterer (Minotaur Berserker)         Turns: 41324, Time: 00:54:05

Health: -4/156     AC: 40    Str: 28    XL:     17   Next: 60%
Magic:  0/34       EV: 10    Int:  6    God:    Trog [*****.]
Gold:   2281       SH:  7    Dex: 11    Spells: 16/16 levels left

rFire   + . .      SeeInvis .   r - +5 flail of the Dark Horse {holy, +Blink rPois Int+2}
rCold   . . .      Faith    .   R - +3 buckler of Tal Rore {-Cast rCorr Slay+3}
rNeg    . . .      Spirit   +   Z - +9 crystal plate armour
rPois   +          Reflect  .   I - +0 hat
rElec   .          Harm     .   T - scarf {rC+ rF+}
rCorr   +          Rampage  .   s - +2 pair of gloves of the Heron {Fly rC- MP+9}
Will    ++++.      NoCast   +   w - +2 pair of boots
Stlth   ..........              K - amulet of guardian spirit
HPRegen 1.36/turn               p - +4 ring of slaying
MPRegen 0.24/turn               C - ring of magical power

@: lethally poisoned (-4 -> -14), strong-willed, on berserk cooldown, flying,
regenerating, slowed, studying Transmutations, very slow
A: horns 2, retaliatory headbutt, talons 1, strong-willed 1, subdued magic 1
}: 1/15 runes: decaying
a: Renounce Religion, Evoke Blink, Berserk, Trog's Hand, Brothers in Arms


You were on level 2 of the Spider Nest.
You worshipped Trog.
Trog was extremely pleased with you.
You visited 5 branches of the dungeon, and saw 30 of its levels.
You also visited: Gauntlet.

You collected 3159 gold pieces.
You spent 878 gold pieces at shops.

Inventory:

Hand Weapons
 r - the +5 flail of the Dark Horse (weapon) {holy, +Blink rPois Int+2}
   (You found it on level 12 of the Dungeon)

   It has been blessed by the Shining One to cause great damage to the undead
   and demons.
   Int:       It affects your intelligence (+2).
   rPois:     It protects you from poison.
   +Blink:    It lets you blink.
 y - a +9 eveningstar of flaming
 L - a +5 great mace of flaming
 Q - a +2 antimagic demon whip
 S - a +1 morningstar of protection
 U - a +6 arbalest
 V - a +3 antimagic morningstar
 W - a +3 antimagic executioner's axe
 Y - a +4 vorpal great mace
Missiles
 k - 431 bolts
 u - 2 throwing nets (quivered)
Armour
 s - the +2 pair of gloves of the Heron (worn) {Fly rC- MP+9}
   (You found it in a Gauntlet)

   rC:        It makes you vulnerable to cold.
   MP:        It affects your magic capacity (+9).
   Fly:       It grants you flight.
 w - a +2 pair of boots (worn)
 I - a +0 hat (worn)
 P - a +1 pair of gloves of archery
 R - the +3 buckler of Tal Rore (worn) {-Cast rCorr Slay+3}
   (You found it on level 4 of the Lair of Beasts)

   Slay:      It affects your accuracy & damage with ranged weapons and melee
   (+3).
   -Cast:     It prevents spellcasting.
   rCorr:     It protects you from acid and corrosion.
 T - a scarf of resistance (worn)
 Z - a +9 crystal plate armour (worn)
Jewellery
 p - a +4 ring of slaying (left hand)
 t - an amulet of the acrobat
 z - an amulet of reflection
 C - a ring of magical power (right hand)
 K - an amulet of guardian spirit (around neck)
 M - a ring of protection from cold
 N - a ring of see invisible
Wands
 d - a wand of iceblast (26)
 n - a wand of acid (9)
 v - a wand of polymorph (23)
 B - a wand of flame (37)
 H - a wand of paralysis (12)
 J - a wand of mindburst (34)
 X - a wand of digging (9)
Scrolls
 a - 2 scrolls of magic mapping
 e - 8 scrolls of identify
 m - 19 scrolls of teleportation
 o - a scroll of blinking
 q - 5 scrolls of fog
 A - a scroll of holy word
 E - 4 scrolls of fear
 O - 3 scrolls of silence
Potions
 b - 6 potions of cancellation
 c - 2 potions of resistance
 f - a potion of magic
 g - 11 potions of curing
 h - 5 potions of might
 i - 4 potions of haste
 j - 3 potions of lignification
 l - 5 potions of heal wounds
 D - a potion of invisibility
Miscellaneous
 F - a condenser vane
 G - a phantom mirror


   Skills:
 + Level 15.5 Fighting
 - Level 4.8(17.1) Axes
 + Level 24.1(24.2) Maces & Flails
 + Level 15.3 Armour
 + Level 14.2 Dodging
 - Level 4.0 Shields


You had 16 spell levels left.
You didn't know any spells.
Your spell library contained the following spells:

 Spells                   Type           Power      Damage    Failure   Level
 Beastly Appendage        Tmut           0%         N/A       100%        1
 Slow                     Hex            0%         N/A       100%        2
 Wereblood                Tmut           0%         N/A       100%        2
 Confusing Touch          Hex            0%         N/A       100%        3
 Ozocubu's Armour         Ice            0%         N/A       100%        3
 Spider Form              Tmut/Pois      0%         N/A       100%        3
 Swiftness                Air            0%         N/A       100%        3
 Metabolic Englaciation   Hex/Ice        0%         N/A       100%        5
 Silence                  Hex/Air        0%         N/A       100%        5
 Yara's Violent Unravell  Hex/Tmut       0%         3d3       100%        5
 Simulacrum               Ice/Necr       0%         N/A       100%        6
 Storm Form               Tmut/Air       0%         N/A       100%        7
 Maxwell's Capacitive Co  Air            0%         ∞         100%        8


Dungeon Overview and Level Annotations

Branches:
Dungeon (15/15)            Temple (0/1) D:6            Lair (6/6) D:11
  Swamp (4/4) Lair:3       Spider (3/4) Lair:2        Slime (0/5) Lair:5
    Orc (2/2) D:11            Elf (0/3) Orc:2        Vaults (0/5) D:14
 Depths (0/5) D:15        Gauntlet (visited)

Altars:
Dithmenos
Elyvilon
Fedhas
Gozag
Nemelex Xobeh
Ru
Xom
The Shining One
Lugonu

Shops:
D:2 :   D:9 (   D:10 ?   D:12 *   Orc:2 :(?*

Portals:
Abyss: Lair:6

Annotations:
D:2 exclusion: door
Spider:2 Aizul
Spider:3 Arachne


Innate Abilities, Weirdness & Mutations

You have a pair of horns on your head.
You reflexively headbutt those who attack you in melee.
You have sharp toenails.
You are strong-willed. (Will+)
Your spells are a little easier to cast, but a little less powerful.


Message History

The wolf spider bites you but does no damage.
Aizul screams, "I'll haunt your nightmares!"
Aizul hits you but does no damage.
The wolf spider hits you but does no damage.
The wolf spider bites you but does no damage.
The wolf spider hits you!
* * * LOW HITPOINT WARNING * * *
The wolf spider bites you but does no damage.
Aizul coils herself and waves her upper body at you.
The bolt of poison hits you but does no damage.
You resist.
The jumping spider leaps!
The wolf spider hits you but does no damage.
The wolf spider bites you.
* * * LOW HITPOINT WARNING * * *
Your ogre goes berserk!
The wolf spider hits you!
* * * LOW HITPOINT WARNING * * *
The wolf spider bites you.
* * * LOW HITPOINT WARNING * * *
You block Aizul's attack.
The wolf spider hits you but does no damage.
The wolf spider bites you.
* * * LOW HITPOINT WARNING * * *
The wolf spider hits you but does no damage.
You block the wolf spider's attack.
Aizul coils herself and waves her upper body at you.
The bolt of poison hits you!
You are poisoned.
You resist.
* * * LOW HITPOINT WARNING * * *
The jumping spider pounces on your ogre!
The jumping spider bites your ogre! The wolf spider hits you!
* * * LOW HITPOINT WARNING * * *
The wolf spider bites you!
* * * LOW HITPOINT WARNING * * *
As you read the scroll of fear, it crumbles to dust.
You assume a fearsome visage.
The wolf spider looks frightened!
The jumping spider looks frightened!
The wolf spider looks frightened!
Aizul looks frightened!
You die...

........##..#..###.##....###.###.
........#^###..##...#...##.### ##
......?...###.......##.##.## #
#..........##........##..##
##.#.....#......##.##..### #
##....#.##^.####...#..### ##
##..###..#.## #s...##..## #.
##^#.####^#.# ##sO...###.######.
#.........#.## #@s....# ##.......
.............# ##S^..## ##...####
.............# ##...# #....#
.........#.ss####.^..## #....#
.........##...#[†.#...#####.## #
........##..#..s..####.####.# #
.......##.##.......####^..#.# #
......s..##.........# ##....#####
.........#<.........# ##..##....


You could see Aizul (fleeing), 2 wolf spiders, a jumping spider (fleeing, ally
target) and a friendly ogre (summoned, berserk).

Vanquished Creatures
  Asterion (Spider:2)
  3 thorn hunters
  Kirke (D:12)
  Donald (Spider:2)
  2 orc warlords (Orc:2)
  A ghost moth (Spider:2)
  Louise (Spider:2)
  A quicksilver ooze (Gauntlet)
  A minotaur (Gauntlet)
  6 bunyips
  2 entropy weavers (Spider:2)
  7 eleionomae
  An ettin (D:15)
  Snorg (Lair:4)
  Josephine (Lair:5)
  A shambling mangrove (Swamp:3)
  25 hydras
  A ghost crab (Swamp:2)
  A vault guard (D:14)
  2 boulder beetles
  An ogre mage (D:15)
  2 catoblepae (Lair:6)
  2 death knights
  7 centaur warriors
  7 two-headed ogres
  A tengu warrior (D:15)
  13 alligators
  5 death yaks (Lair:6)
  Urug (Lair:4)
  2 thrashing horrors (Lair:6)
  A deep elf knight (D:14)
  A slime creature (D:12)
  5 goliath frogs
  A deep troll (D:15)
  2 spriggan druids (Swamp:2)
  4 bog bodies
  9 swamp dragons
  2 wizards
  Pikel (D:6)
  2 deep elf pyromancers
  2 phantasmal warriors (D:13)
  A necromancer (D:15)
  4 orc knights
  4 oklob plants
  A cyclops (D:12)
  5 will-o-the-wisps
  3 orc sorcerers
  A moth of wrath (Spider:2)
  11 ugly things
  16 wolf spiders
  8 orb spiders
  8 elephants
  4 manticores
  5 black mambas
  The ghost of nht the Ruffian, a novice TrFi of Okawaru (D:4)
  A torpor snail (Spider:2)
  A smoke demon (Lair:6)
  A gargoyle (D:11)
  An efreet (D:14)
  An unseen horror (D:11)
  11 cane toads
  2 freezing wraiths (D:13)
  A kobold demonologist (D:13)
  5 demonic crawlers
  6 rime drakes
  A rime drake (shapeshifter) (D:14)
  10 komodo dragons
  A polar bear (Lair:6)
  An ancient zyme (Lair:6)
  4 tyrant leeches
  3 trolls
  7 jumping spiders
  4 hornets
  A raiju (shapeshifter) (D:14)
  28 blink frogs
  7 spriggans
  4 shadows
  A vampire (D:12)
  9 tarantellas
  4 wraiths (Lair:5)
  3 ynoxinuls (Lair:6)
  4 wyverns
  38 yaks
  39 redbacks
  8 small abominations (Lair:6)
  7 basilisks
  5 hogs (D:12)
  9 vampire mosquitoes
  3 chaos spawn (Lair:6)
  A human (shapeshifter) (Lair:6)
  2 large abominations (Lair:6)
  15 swamp worms
  2 acid dragons
  5 wargs
  7 swamp drakes
  14 water moccasins
  4 black bears
  6 ice beasts
  33 orc warriors
  7 ogres
  3 sky beasts (D:7)
  4 necrophages
  A tengu (shapeshifter) (D:13)
  3 wolves (Lair:5)
  2 lemures (D:6)
  A phantom (D:4)
  25 centaurs
  4 kobold brigands
  9 bullfrogs
  2 wyvern zombies
  3 scorpions
  A water moccasin skeleton (D:7)
  8 killer bees
  5 wights (D:7)
  A howler monkey (D:10)
  A bullfrog zombie (D:5)
  6 centaur zombies
  2 hounds (D:5)
  2 jellies (D:6)
  18 orc priests
  A centaur skeleton (D:5)
  A gnoll shaman (D:10)
  7 iguanas
  27 orc wizards
  A bullfrog simulacrum (D:4)
  4 gnolls (D:2)
  A howler monkey skeleton (D:5)
  A gnoll (shapeshifter) (D:14)
  9 adders
  A river rat (D:5)
  A hound simulacrum (D:4)
  2 shadow imps
  3 white imps (Gauntlet)
  A howler monkey simulacrum (D:4)
  4 worms
  A dart slug (D:1)
  2 adder simulacra (D:4)
  110 orcs
  10 endoplasms
  5 giant cockroaches
  7 hobgoblins
  11 jackals
  11 quokkas
  6 ball pythons
  6 bats
  8 goblins
  24 kobolds
  5 rats
  A briar patch (Swamp:3)
  5 plants (Lair:3)
907 creatures vanquished.

Vanquished Creatures (collateral kills)
  Rupert (Lair:5)
  An orc sorcerer (D:15)
  2 ugly things (D:15)
  An orb spider (Spider:3)
  A wolf spider (Spider:3)
  A torpor snail (Spider:3)
  A polar bear (Lair:5)
  A redback (Spider:3)
  A tarantella (Spider:3)
10 creatures vanquished.

Vanquished Creatures (others)
  A redback (Spider:1)
  10 foxfires
  18 fungi
  28 plants
57 creatures vanquished.

Grand Total: 974 creatures vanquished

Notes
Turn   | Place    | Note
-------+----------+-------------------------------------------
     0 | D:1      | Malachi the Minotaur Berserker began the quest for the Orb.
     0 | D:1      | Reached XP level 1. HP: 19/19 MP: 0/0
   194 | D:1      | Reached XP level 2. HP: 26/26 MP: 1/1
   449 | D:1      | Found a faded altar of an unknown god.
   880 | D:2      | Reached skill level 1 in Maces & Flails
  1205 | D:2      | Reached XP level 3. HP: 31/31 MP: 2/2
  1207 | D:2      | Reached skill level 2 in Maces & Flails
  1330 | D:2      | Reached skill level 3 in Maces & Flails
  1330 | D:2      | Reached XP level 4. HP: 39/39 MP: 3/3
  1509 | D:2      | Reached skill level 4 in Maces & Flails
  1509 | D:2      | Reached ** piety under Trog
  1536 | D:2      | Reached XP level 5. HP: 22/45 MP: 4/4
  1739 | D:2      | Reached skill level 5 in Maces & Flails
  1853 | D:2      | Found Kuigah's Book Shoppe.
  2491 | D:3      | Reached skill level 6 in Maces & Flails
  2845 | D:3      | Reached XP level 6. HP: 46/51 MP: 5/5
  3357 | D:4      | Reached skill level 7 in Maces & Flails
  3455 | D:4      | Reached *** piety under Trog
  3598 | D:4      | Found a runed translucent gate.
  3598 | D:4      | Found a runed translucent gate.
  3598 | D:4      | Found a runed translucent gate.
  3680 | D:4      | Reached skill level 8 in Maces & Flails
  3690 | D:4      | Reached XP level 7. HP: 20/57 MP: 6/6
  3929 | D:4      | Noticed nht's ghost (novice TrFi)
  4222 | D:4      | Reached skill level 9 in Maces & Flails
  4453 | D:4      | Killed nht's ghost
  4454 | D:4      | Reached skill level 10 in Maces & Flails
  4454 | D:4      | Reached XP level 8. HP: 64/64 MP: 7/7
  4569 | D:4      | Reached skill level 11 in Maces & Flails
  4817 | D:5      | Entered Level 5 of the Dungeon
  5303 | D:5      | Reached skill level 12 in Maces & Flails
  5458 | D:5      | Reached **** piety under Trog
  6024 | D:6      | Reached skill level 13 in Maces & Flails
  6028 | D:6      | Reached XP level 9. HP: 67/70 MP: 8/8
  6064 | D:6      | Noticed Pikel
  6087 | D:6      | Killed Pikel
  6088 | D:6      | Reached skill level 14 in Maces & Flails
  6453 | D:6      | Found a white marble altar of Elyvilon.
  6458 | D:6      | Identified the +0 scale mail of Chimes {Fly}
  6466 | D:6      | Found a sacrificial altar of Ru.
  6872 | D:6      | Found a staircase to the Ecumenical Temple.
  7271 | D:7      | Reached skill level 15 in Maces & Flails
  7321 | D:7      | Noticed a four-headed hydra
  7330 | D:7      | Killed a four-headed hydra
  7331 | D:7      | Reached XP level 10. HP: 77/77 MP: 9/9
  7533 | D:7      | Reached skill level 16 in Maces & Flails
  7707 | D:7      | Found a large runed translucent door.
  7709 | D:7      | Found a large runed translucent door.
  7891 | D:7      | Reached ***** piety under Trog
  8253 | D:7      | Found a shimmering altar of Xom.
  8260 | D:7      | Found a blossoming altar of Fedhas.
  8665 | D:8      | Reached skill level 17 in Maces & Flails
  9623 | D:9      | Noticed a two-headed ogre
  9638 | D:9      | Killed a two-headed ogre
 10119 | D:9      | Reached skill level 18 in Maces & Flails
 10215 | D:9      | Found Kamenois's Firing Range.
 10410 | D:9      | Noticed a two-headed ogre
 11067 | D:9      | Killed a two-headed ogre
 11068 | D:9      | Reached XP level 11. HP: 82/82 MP: 10/10
 11151 | D:10     | Entered Level 10 of the Dungeon
 11262 | D:10     | Found a shadowy altar of Dithmenos.
 11308 | D:10     | Found Qamiegh's Magic Scroll Shoppe.
 11955 | D:10     | Noticed a centaur warrior
 11962 | D:10     | Killed a centaur warrior
 11963 | D:10     | Reached skill level 19 in Maces & Flails
 12076 | D:10     | Found an opulent altar of Gozag.
 12077 | D:10     | Found a sparkling altar of Nemelex Xobeh.
 12255 | D:11     | Found a staircase to the Orcish Mines.
 12294 | D:11     | Reached ****** piety under Trog
 12300 | D:11     | Received a gift from Trog
 12714 | D:11     | Found a staircase to the Lair.
 12715 | D:11     | Noticed a death knight
 12729 | D:11     | Killed a death knight
 12734 | D:11     | HP: 5/127 [orc priest (2)]
 13146 | D:11     | Reached skill level 5 in Fighting
 13580 | Lair:1   | Entered Level 1 of the Lair of Beasts
 13627 | Lair:1   | Reached XP level 12. HP: 73/94 MP: 11/11
 13867 | Lair:1   | Reached skill level 20 in Maces & Flails
 14591 | Lair:2   | Reached skill level 5 in Armour
 14711 | Lair:2   | Noticed a six-headed hydra
 14716 | Lair:2   | Killed a six-headed hydra
 14867 | Lair:2   | Reached skill level 5 in Dodging
 15378 | Lair:2   | Noticed an eight-headed hydra
 15384 | Lair:2   | Killed an eight-headed hydra
 15521 | Lair:2   | Found a hole to the Spider Nest.
 16003 | Lair:3   | Found a staircase to the Swamp.
 17002 | Lair:4   | Noticed Snorg
 17002 | Lair:4   | Noticed a four-headed hydra
 17011 | Lair:4   | Killed a four-headed hydra
 17016 | Lair:4   | Killed Snorg
 17114 | Lair:4   | Reached XP level 13. HP: 47/107 MP: 12/12
 17589 | Lair:4   | Identified the +3 buckler of Tal Rore {-Cast rCorr Slay+3}
 17636 | Lair:4   | Reached skill level 21 in Maces & Flails
 17829 | Spider:1 | Entered Level 1 of the Spider Nest
 17893 | Lair:4   | Reached skill level 1 in Shields
 18257 | Lair:4   | Noticed Urug
 18269 | Lair:4   | Killed Urug
 19108 | Lair:5   | Noticed Josephine
 19117 | Lair:5   | Killed Josephine
 19123 | Lair:5   | Received a gift from Trog
 19401 | Lair:5   | Noticed Rupert
 19402 | Lair:5   | Paralysed by Rupert for 4 turns
 19412 | Lair:5   | Killed Rupert
 19421 | Lair:5   | Found a staircase to the Slime Pits.
 19492 | Lair:5   | Identified a scroll of acquirement
 19492 | Lair:5   | Acquired a +2 antimagic demon whip
 20053 | Lair:6   | Entered Level 6 of the Lair of Beasts
 20479 | Lair:6   | Reached XP level 14. HP: 100/119 MP: 13/13
 20802 | Lair:6   | Found a glowing golden altar of the Shining One.
 20878 | Lair:6   | Reached skill level 10 in Fighting
 21180 | Lair:6   | Reached skill level 22 in Maces & Flails
 21441 | Lair:6   | Reached skill level 10 in Armour
 21464 | Lair:6   | Identified the +3 battleaxe of the Empty Page {vorpal, rF-
                  | rN+ Str+2} (Trog gifted it to you on level 6 of the Lair of
                  | Beasts)
 21464 | Lair:6   | Received a gift from Trog
 22583 | Lair:6   | Found a corrupted altar of Lugonu.
 22583 | Lair:6   | Found a one-way gate to the infinite horrors of the Abyss.
 22587 | Lair:6   | Identified the +2 plate armour of Exkeb {Harm rPois Will+
                  | Dex-3}
 23163 | Lair:3   | Reached skill level 10 in Dodging
 23714 | D:12     | Found Huudgh's Assorted Antiques.
 23727 | D:12     | Bought a pair of embroidered boots for 217 gold pieces
 23727 | D:12     | Bought a fizzy golden potion for 26 gold pieces
 23727 | D:12     | Bought a pair of glowing gloves for 217 gold pieces
 24395 | D:12     | Identified the +1 leather armour of the Realm of Zot {rCorr
                  | Str-3 Dex+8 Stlth+}
 24436 | D:12     | Noticed Kirke
 24456 | D:12     | Noticed a sphinx
 24470 | D:12     | Killed Kirke
 24482 | D:12     | Received a gift from Trog
 24681 | D:12     | Identified the +5 flail of the Dark Horse {holy, +Blink
                  | rPois Int+2}
 25702 | D:13     | Reached XP level 15. HP: 132/132 MP: 14/14
 26515 | D:14     | Gained mutation: Your mind is acute. (Int +2) [potion of
                  | mutation]
 26515 | D:14     | Gained mutation: Your muscles are strong. (Str +2) [potion
                  | of mutation]
 26515 | D:14     | Gained mutation: Your magical capacity is low. (-10% MP)
                  | [potion of mutation]
 26705 | D:14     | Found a gate to the Vaults.
 27444 | D:15     | Entered Level 15 of the Dungeon
 27476 | D:15     | Found a gate leading to a gauntlet.
 27485 | Gauntlet | Entered a Gauntlet
 27485 | Gauntlet | Found a transporter.
 27485 | Gauntlet | Found a transporter.
 27487 | Gauntlet | Found a transporter.
 27489 | Gauntlet | Found a transporter.
 27490 | Gauntlet | Found a transporter.
 27490 | Gauntlet | Found a transporter.
 27542 | Gauntlet | Found a transporter.
 27545 | Gauntlet | Found a transporter.
 27563 | Gauntlet | Found a transporter.
 27585 | Gauntlet | Found a transporter.
 27608 | Gauntlet | Found a transporter.
 27612 | Gauntlet | Found a transporter.
 27755 | Gauntlet | Identified the +2 pair of gloves of the Heron {Fly rC-
                  | MP+9}
 28085 | Gauntlet | Found the +5 robe of Misfortune {Contam Harm *Corrode Drain
                  | *Slow EV+5}
 28121 | Gauntlet | Lost mutation: Your magical capacity is low. (-10% MP)
                  | [potion of mutation]
 28121 | Gauntlet | Lost mutation: Your muscles are strong. (Str +2) [potion of
                  | mutation]
 28121 | Gauntlet | Gained mutation: Your spells are a little easier to cast,
                  | but a little less powerful. [potion of mutation]
 28121 | Gauntlet | Gained mutation: You have large cloven feet. [potion of
                  | mutation]
 28270 | Gauntlet | Identified the +3 short sword of Subterfuge {vorpal, rPois
                  | rC+}
 28298 | Gauntlet | Got Fuxty's Compendium of Flight
 28423 | D:15     | Received a gift from Trog
 28924 | D:15     | Found a staircase to the Depths.
 29405 | D:15     | Found a sacrificial altar of Ru.
 29677 | Orc:1    | Entered Level 1 of the Orcish Mines
 29900 | Orc:1    | You are sucked into a shaft and drop 1 floor!
 29900 | Orc:2    | Entered Level 2 of the Orcish Mines
 29900 | Orc:2    | Noticed an orc warlord
 29918 | Orc:2    | Killed an orc warlord
 30274 | Orc:2    | Noticed an orc warlord
 30288 | Orc:2    | Killed an orc warlord
 30946 | Orc:2    | Reached skill level 23 in Maces & Flails
 31152 | Orc:2    | Received a gift from Trog
 31628 | Orc:2    | Found a staircase to the Elven Halls.
 31813 | Orc:2    | Found Sotostom's Magic Scroll Boutique.
 31813 | Orc:2    | Found Hamif's Weapon Shoppe.
 31813 | Orc:2    | Found Xemoxzot's Book Emporium.
 31816 | Orc:2    | Found Fer Dise's General Store.
 31824 | Orc:2    | Bought a scroll of fear for 59 gold pieces
 31967 | Swamp:1  | Entered Level 1 of the Swamp
 32422 | Swamp:1  | Reached XP level 16. HP: 144/144 MP: 15/15
 34054 | Swamp:3  | Noticed a thorn hunter
 34070 | Swamp:3  | Killed a thorn hunter
 34090 | Swamp:3  | Received a gift from Trog
 34620 | Swamp:3  | HP: 9/219 [swamp worm (5)]
 34625 | Swamp:3  | HP: 10/219 [poisoned by a hornet]
 35292 | Swamp:3  | Lost mutation: Your mind is acute. (Int +2) [potion of
                  | mutation]
 35292 | Swamp:3  | Lost mutation: Your spells are a little easier to cast, but
                  | a little less powerful. [potion of mutation]
 35292 | Swamp:3  | Gained mutation: You are clumsy. (Dex -2) [potion of
                  | mutation]
 35350 | Swamp:3  | Identified the +1 ring mail "Macheopt" {rF+ Regen+}
 35662 | Swamp:4  | Entered Level 4 of the Swamp
 36404 | D:12     | Bought a potion of mutation for 232 gold pieces
 36404 | D:12     | Lost mutation: You are clumsy. (Dex -2) [potion of
                  | mutation]
 36404 | D:12     | Lost mutation: You have large cloven feet. [potion of
                  | mutation]
 36404 | D:12     | Gained mutation: You are strong-willed. (Will+) [potion of
                  | mutation]
 36404 | D:12     | Gained mutation: You have sharp toenails. [potion of
                  | mutation]
 36404 | D:12     | Gained mutation: Your spells are a little easier to cast,
                  | but a little less powerful. [potion of mutation]
 36978 | Swamp:4  | Noticed a thorn hunter
 36987 | Swamp:4  | Noticed a thorn hunter
 36997 | Swamp:4  | Killed a thorn hunter
 37011 | Swamp:4  | Killed a thorn hunter
 37027 | Swamp:4  | Reached XP level 17. HP: 104/154 MP: 15/16
 37057 | Swamp:4  | Got a decaying rune of Zot
 37060 | Swamp:4  | Identified the +1 scale mail "Soruri" {Dex+2}
 37085 | Swamp:4  | Acquired 567 gold pieces
 37529 | Spider:1 | Received a gift from Trog
 37555 | Spider:1 | Reached skill level 15 in Fighting
 38659 | Spider:2 | Noticed Donald
 38667 | Spider:2 | Killed Donald
 38875 | Orc:2    | Bought a scroll of enchant armour for 127 gold pieces
 39177 | Spider:2 | Reached skill level 15 in Armour
 39497 | Spider:2 | Noticed Asterion
 39506 | Spider:2 | Noticed Louise
 39508 | Spider:2 | Killed Asterion
 39509 | Spider:2 | Reached skill level 24 in Maces & Flails
 39519 | Spider:2 | Killed Louise
 40855 | Spider:3 | Noticed Arachne
 40867 | Spider:3 | Noticed Aizul
 41323 | Spider:2 | HP: 7/156 [wolf spider (9)]
 41323 | Spider:2 | HP: 1/156 [wolf spider (6)]
 41324 | Spider:2 | Succumbed to Aizul's bolt of poison

Illustrated notes

Levels and vault maps discovered:
D:1:      ncdulo_watergridlock, layout_basic, hellmonk_ecumenical_altar_zigzags
D:2:      layout_loops_ring, serial_rivers, chequers_serial_rivers_micro_a,
          chequers_serial_rivers_room_a, chequers_serial_rivers_micro_e,
          chequers_serial_rivers_small_b, serial_shops, nicolae_lakefront_shop
D:3:      layout_loops_ring
D:4:      layout_loops_ring, gammafunk_ghost_icy
D:5:      layout_cave_pools, gup_sewer_entry_spiral
D:6:      layout_rooms, mainiacjoe_overflow_tiny_flanked,
          mainiacjoe_overflow_small_starburst, minmay_temple_entry_trees,
          serial_aquarium, aquarium_bridge_straight [aquarium_subvault_bridge,
          aquarium_subvault_wall, aquarium_subvault_bridge,
          aquarium_subvault_balcony], aquarium_window_corridor_2,
          aquarium_window_fake, aquarium_window_fake, aquarium_window_1,
          aquarium_view_2d, aquarium_balcony_1a, nrook_campfire, uniq_pikel
D:7:      layout_basic, jmf_multi_god_temple2
D:8:      layout_basic
D:9:      layout_cross, nicolae_shop_firing_range
D:10:     layout_loops_ring, grunt_temple_overflow_opulence,
          nicolae_dithmenos_through_a_glass_darkly, serial_shops,
          nicolae_shop_stone, hangedman_abyss_or_decor_passed,
          kennysheep_generic_room_3
D:11:     layout_roguey, erik_lair_orcish_takeover, hiddenorc2_lemuel
D:12:     layout_basic, serial_shops, shop_statue, uniq_kirke
D:13:     layout_small_grid
D:14:     layout_cave_pools, david_vaults_5, hangedman_abyss_or_decor_clamps
D:15:     hangedman_depths_entry_civil_slaughter, layout_grid_maze,
          gauntlet_entry_generic, nicolae_ru_path_of_blood, minivault_19
Lair:1:   layout_long_grid, grunt_megastairs_5, serial_bayou_shore_b
Lair:2:   layout_chaotic_city, spider_nest_entry_funnel_web
Lair:3:   dpeg_oklob_gauntlet, layout_loops_ring, minmay_swamp_entry_wisps,
          wad_woods_03, lemuel_fruit_fields
Lair:4:   layout_cave_pods, grunt_megastairs_2, uniq_urug, uniq_snorg
Lair:5:   layout_misc_corridors, slime_dummy, st_stairs_12, uniq_rupert,
          uniq_josephine
Lair:6:   hellmonk_lair_end_abyssal_woods, layout_regular_city, basic_altar
Swamp:1:  layout_basic_swamp, evilmike_swamp_ruin_house_4
Swamp:2:  layout_basic_swamp, hangedman_swamp_pad, swamp_pool1
Swamp:3:  layout_falls_marsh, nicolae_swamp_dense_foliage,
          infiniplex_staircase_pool
Swamp:4:  swamp, layout_basic_swamp
Spider:1: layout_spider_delve, drop_trap
Spider:2: layout_chambers, uniq_donald, uniq_louise, uniq_asterion
Spider:3: layout_spider_delve, uniq_arachne, uniq_aizul
Orc:1:    layout_caves, mines3_lemuel
Orc:2:    st_orc_rangers, layout_caves

Skill      XL: |  1  2  3  4  5  6  7  8  9 10 11 12 13 14 15 16 17 |
---------------+----------------------------------------------------+-----
Axes           | 4 |  4.8
Maces & Flails | 1 3 4 6 8 10 13 15 18 19 20 21 22 23 24 | 24.1
Fighting       | 5 7 9 11 13 14 15 | 15.5
Armour         | 4 7 9 11 13 14 15 | 15.3
Dodging        | 4 6 8 10 12 13 14 | 14.2
Shields        | 4 |  4.0

Action                   |  1- 3 |  4- 6 |  7- 9 | 10-12 | 13-15 | 16-18 || total
-------------------------+-------+-------+-------+-------+-------+-------++-------
Melee: Hand axe          |    35 |       |       |       |       |       ||    35
       Headbutt          |    12 |    30 |    32 |   118 |   215 |   141 ||   548
       Whip              |    26 |   161 |   234 |   190 |       |       ||   611
       Dire flail        |       |       |       |   184 |       |       ||   184
       Great mace        |       |       |       |   175 |    11 |       ||   186
       Morningstar       |       |       |       |       |   466 |       ||   466
       Eveningstar       |       |       |       |       |   415 |   398 ||   813
       Demon whip        |       |       |       |       |    11 |       ||    11
       Flail             |       |       |       |       |       |   146 ||   146
Invok: Berserk           |     1 |     1 |     5 |     7 |    23 |    10 ||    47
       Trog's Hand       |       |       |       |       |     7 |     6 ||    13
       Brothers in Arms  |       |       |       |       |     4 |     2 ||     6
Evoke: Wand              |       |       |       |       |     3 |       ||     3
       Condenser vane    |       |       |       |       |       |     1 ||     1
  Use: Scroll            |       |     6 |     6 |     8 |     8 |    18 ||    46
       Potion            |       |       |       |       |     7 |     4 ||    11
 Stab: Sleeping          |     1 |     1 |       |       |       |       ||     2
       Distracted        |       |       |       |       |     1 |       ||     1
Armor: Animal skin       |    13 |     5 |       |       |       |       ||    18
       Chain mail        |       |    33 |    55 |   195 |    57 |       ||   340
       Scale mail        |       |       |     2 |       |   294 |    14 ||   310
       Swamp dragon scal |       |       |       |       |       |   141 ||   141
       Crystal plate arm |       |       |       |       |       |   262 ||   262
Dodge: Dodged            |    39 |    65 |    58 |   231 |   458 |   364 ||  1215
Block: Buckler           |       |       |       |       |   288 |   212 ||   500

Table legend: (Time is in decaauts)
 A = Elapsed time spent in this place.
 B = Non-inter-level travel time spent in this place.
 C = Inter-level travel time spent in this place.
 D = Time resting spent in this place.
 E = Time spent auto-exploring this place.
 F = Levels seen in this place.
 G = Mean time per level.
                   A        B        C        D        E       F      G
               +--------+--------+--------+--------+--------+-----+--------+
         Total |  41009 |  38207 |   2802 |   9917 |  22803 |  31 | 1322.9 |
       Dungeon |  18910 |  17647 |   1263 |   3634 |  11718 |  15 | 1260.7 |
          Lair |  10244 |   9211 |   1033 |   2203 |   5764 |   6 | 1707.3 |
         Swamp |   5217 |   4930 |    287 |   1995 |   2253 |   4 | 1304.2 |
   Spider Nest |   3562 |   3460 |    102 |   1124 |   1897 |   3 | 1187.3 |
  Orcish Mines |   2257 |   2142 |    115 |    525 |   1171 |   2 | 1128.5 |
      Gauntlet |    817 |    817 |      0 |    432 |      0 |   1 |  817.0 |
               +--------+--------+--------+--------+--------+-----+--------+

Top non-repeatable levels by time:
  Lair:6: 2811 daAuts
Spider:2: 2397 daAuts
   Orc:2: 1997 daAuts
  Lair:4: 1997 daAuts
 Swamp:3: 1771 daAuts
    D:11: 1689 daAuts
  Lair:3: 1645 daAuts
  Lair:2: 1620 daAuts
     D:9: 1586 daAuts
     D:4: 1558 daAuts
     D:2: 1540 daAuts
 Swamp:4: 1382 daAuts
    D:15: 1326 daAuts
    D:14: 1317 daAuts
     D:8: 1281 daAuts
